 Dungeon Crawl Stone Soup version 0.24.0-13-gcf9b3192b9 (webtiles) character file.

Game seed: 16150747745904335719, levelgen mode: deterministic

7578 Matador8 the Basher (level 10, -2/81 HPs)
             Began as a Yellow Draconian Skald on Nov 8, 2019.
             Was a Believer of Kikubaaqudgha.
             Slain by an eight-headed hydra (11 damage)
             ... on level 1 of the Lair of Beasts.
             The game lasted 01:25:51 (13183 turns).

Matador8 the Basher (Yellow Draconian Skald)       Turns: 13183, Time: 01:25:52

Health: -2/81      AC:  8    Str: 14    XL:     10   Next: 97%
Magic:  17/23      EV: 12    Int: 17    God:    Kikubaaqudgha [**....]
Gold:   546        SH:  0    Dex: 10    Spells: 5/15 levels left

rFire    . . .     SeeInvis .   a - +2 morningstar (drain)
rCold    . . .     Gourm    .   (no shield)
rNeg     . . .     Faith    +   (armour unavailable)
rPois    .         Spirit   .   (helmet restricted)
rElec    .         Reflect  .   (no cloak)
rCorr    +         Harm     .   (no gloves)
MR       .....                  w - +0 pair of boots (curse)
Stlth    +.........             G - amulet of faith
HPRegen  0.23/turn              y - ring of magical power
MPRegen  0.18/turn              (no ring)

@: drained
A: spit acid, unfitting armour, cold-blooded, acid resistance, AC +7
a: Breathe Acid, Receive Corpses, Renounce Religion


You were on level 1 of the Lair of Beasts.
You worshipped Kikubaaqudgha.
Kikubaaqudgha was pleased with you.
You were not hungry.

You visited 3 branches of the dungeon, and saw 12 of its levels.
You also visited: Sewer.

You collected 658 gold pieces.
You spent 112 gold pieces at shops.

Inventory:

Hand Weapons
 a - a +2 morningstar of draining (weapon)
 b - a +2 dagger of venom
 C - the +9 glaive of the Crushed Princes {speed, MR++ Str+3 Dex-3 SInv}
   (You took it off an orc on level 8 of the Dungeon)

   Attacks with this weapon are significantly faster.
   It affects your strength (+3).
   It affects your dexterity (-3).
   It affects your resistance to hostile enchantments.
   It lets you see invisible.
Armour
 w - a cursed +0 pair of boots (worn)
Jewellery
 r - an uncursed amulet of regeneration
 y - a ring of magical power (left hand)
 G - an amulet of faith (around neck)
Wands
 B - a wand of clouds (4)
Scrolls
 d - a scroll of immolation {unknown}
 f - 3 scrolls of identify
 h - 2 scrolls of magic mapping
 k - 4 scrolls of fog
 m - 3 scrolls of amnesia
 n - 2 scrolls of random uselessness {unknown}
 p - 4 scrolls of teleportation
 t - 2 scrolls of enchant weapon {unknown}
 z - a scroll of remove curse {unknown}
 D - 2 scrolls of enchant armour {unknown}
 E - a scroll of fear {unknown}
 L - a scroll of blinking {unknown}
 M - a scroll of vulnerability {unknown}
Potions
 e - 2 potions of heal wounds
 g - 2 potions of might
 i - 2 potions of flight
 j - 3 potions of agility
 l - a potion of degeneration {unknown}
 q - 2 potions of cancellation
 s - a potion of berserk rage {unknown}
 u - a potion of lignification {unknown}
 x - a potion of curing
 J - 2 potions of magic {unknown}
Miscellaneous
 H - a lamp of fire
 I - a fan of gales
Comestibles
 c - 19 rations
 o - a chunk of flesh


   Skills:
 - Level 5.5(4.7) Fighting
 - Level 2.1(1.4) Short Blades
 - Level 10.9(10.0) Maces & Flails
 * Level 6.9(6.1) Polearms
 - Level 2.1(1.4) Dodging
 - Level 3.1(2.4) Spellcasting
 - Level 2.1(1.4) Hexes
 - Level 6.0(5.3) Charms
 - Level 6.0(5.2) Necromancy
 + Level 2.3(1.6) Evocations


You had 5 spell levels left.
You knew the following spells:

 Your Spells              Type           Power        Failure   Level  Hunger
a - Infusion              Chrm           ###.         1%          1    #......
b - Vampiric Draining     Necr           ###.......   6%          3    ###....
c - Spectral Weapon       Hex/Chrm       ##......     14%         3    ###....
d - Regeneration          Chrm/Necr      ###.......   6%          3    ###....

Your spell library contained the following spells:

 Spells                   Type           Power        Failure   Level  Hunger
 Pain                     Necr           ###.         2%          1    #......
 Corpse Rot               Necr           N/A          3%          2    ##.....
 Song of Slaying          Chrm           ###.....     3%          2    ##.....
 Sublimation of Blood     Necr           ###.......   3%          2    ##.....
 Shroud of Golubria       Chrm/Tloc      ##....       10%         2    ##.....
 Ignite Poison            Fire/Tmut/Pois #.......     50%         3    ###....
 Recall                   Summ/Tloc      N/A          50%         3    ###....
 Fireball                 Conj/Fire      #.........   99%         5    ######.
 Ignition                 Fire           #.........   100%        8    #######


Dungeon Overview and Level Annotations

Branches:
Dungeon (10/15)            Temple (1/1) D:6            Lair (1/6) D:8
  Sewer (visited)
    Orc: D:9-12

Altars:
Ashenzari
Cheibriados
Dithmenos
Elyvilon
Fedhas
Gozag
Hepliaklqana
Kikubaaqudgha
Makhleb
Nemelex Xobeh
Okawaru
Qazlal
Ru
Sif Muna
Trog
Uskayaw
Vehumet
Wu Jian
Xom
Yredelemnul
Zin
The Shining One

Shops:
D:4 =:[=}   D:6 !

Annotations:
D:3 Sigmund
D:7 1 exclusion


Innate Abilities, Weirdness & Mutations

You can spit globs of acid.
Your golden yellow scales are hard. (AC +7)
You cannot fit into any form of body armour.
You are cold-blooded and may be slowed by cold attacks.
You are resistant to acid. (rCorr)


Message History

The eight-headed hydra closely misses you.
The eight-headed hydra bites you! The eight-headed hydra bites you.
The eight-headed hydra bites you but does no damage.
The eight-headed hydra bites you. x2; The eight-headed hydra misses you.
The eight-headed hydra bites you!
Casting: Spectral Weapon (safe; 14% risk of failure)
Confirm with . or Enter, or press ? or * to list all spells.
Aiming: Vampiric Draining (safe; 6% risk of failure)
Press: ? - help, Shift-Dir - straight line, f/p - eight-headed hydra
Aim: an eight-headed hydra (moderately wounded, covered in acid)
The eight-headed hydra is heavily wounded.
You feel life coursing into your body. The eight-headed hydra bites you!
The eight-headed hydra bites you. The eight-headed hydra bites you!
The eight-headed hydra misses you. The eight-headed hydra bites you!
* * * LOW HITPOINT WARNING * * *
The eight-headed hydra bites you!
* * * LOW HITPOINT WARNING * * *
The eight-headed hydra bites you!
You die...
Kikubaaqudgha rasps: "You have failed me!
Welcome... death!"

### #####P## ## ########
#....^.# ##.###...#..#
#......#
#..........######......#
..#..........+.[##รท.......
#.............#...#......#
.#......@D..####.#......#
+..........# #........#
#.......)..# ###......#
#..........# #.###.##
########.### ### ..#
###.#####..# #$.#
###+####..........# #..#
......#...........# #+.#
......#...........## ..#


You could see an eight-headed hydra.

Vanquished Creatures
  A hornet (D:9)
  4 hippogriffs
  A slime creature (D:7)
  A spriggan (D:7)
  4 yaks
  A basilisk (D:8)
  2 hungry ghosts
  A steam dragon (D:7)
  An acid dragon (D:7)
  3 water moccasins
  A porcupine (Lair:1)
  4 orc warriors
  4 sky beasts
  2 phantoms
  3 ogres
  An eye of draining (D:7)
  A necrophage (D:7)
  A crocodile (D:8)
  3 centaurs
  5 big kobolds
  7 bullfrogs
  A gnoll sergeant (D:6)
  2 scorpions
  4 killer bees
  2 vampire bats (D:8)
  5 howler monkeys
  5 crimson imps
  A centaur skeleton (D:4)
  3 jellies
  5 hounds
  3 orc priests
  7 orc wizards
  A bullfrog skeleton (D:4)
  5 iguanas
  3 worker ants
  2 hound zombies
  2 hound skeletons
  20 gnolls
  19 adders
  A shadow imp (D:7)
  11 oozes
  2 adder skeletons
  3 worms
  3 dart slugs
  19 leopard geckos
  33 orcs
  15 ball pythons
  6 bats
  A bat skeleton (D:8)
  3 bat zombies (D:8)
  19 giant cockroaches
  9 goblins
  10 hobgoblins
  6 jackals
  23 kobolds
  A quokka (D:2)
  12 frilled lizards
  A quokka skeleton (D:7)
  15 rats
  A spectral weapon (Lair:1)
335 creatures vanquished.

Vanquished Creatures (others)
  3 fungi (Lair:1)
  A plant (Lair:1)
  8 spectral weapons
12 creatures vanquished.

Grand Total: 347 creatures vanquished

Notes
Turn   | Place    | Note
-------+----------+-------------------------------------------
     0 | D:1      | Matador8 the Draconian Skald began the quest for the Orb.
     0 | D:1      | Reached XP level 1. HP: 17/17 MP: 3/3
   137 | D:1      | Reached XP level 2. HP: 21/24 MP: 5/5
   536 | D:1      | Reached XP level 3. HP: 29/29 MP: 6/6
   559 | D:1      | Reached skill level 3 in Maces & Flails
   567 | D:1      | Learned a level 3 spell: Regeneration
  1478 | D:2      | Reached XP level 4. HP: 36/36 MP: 7/7
  1500 | D:2      | Learned a level 3 spell: Spectral Weapon
  1845 | D:2      | Reached skill level 1 in Necromancy
  1966 | D:3      | Found a white marble altar of Elyvilon.
  1966 | D:3      | Found an opulent altar of Gozag.
  2206 | D:3      | Found a glowing drain.
  2230 | Sewer    | Entered a sewer
  2234 | Sewer    | Reached skill level 1 in Short Blades
  2246 | Sewer    | Reached XP level 5. HP: 26/41 MP: 0/8
  2979 | Sewer    | Reached skill level 1 in Hexes
  3189 | Sewer    | Reached XP level 6. HP: 19/48 MP: 2/9
  3741 | D:3      | Noticed Sigmund
  3999 | D:3      | Found a glowing golden altar of the Shining One.
  4203 | D:4      | Found Qoshitut's Gadget Shop.
  4276 | D:4      | Your scales start taking on a golden yellow colour.
  4276 | D:4      | Reached XP level 7. HP: 23/55 MP: 2/11
  4276 | D:4      | Gained mutation: You are resistant to acid. (rCorr) [Yellow
                  | Draconian growth]
  4506 | D:4      | Found Gajatuemmo's Armour Shop.
  4527 | D:4      | Reached skill level 4 in Maces & Flails
  4541 | D:4      | Found Zoxifuit's Jewellery Boutique.
  4570 | D:4      | Found Wacikugg's Book Emporium.
  4593 | D:4      | Found Noor's Jewellery Shop.
  4857 | D:5      | Entered Level 5 of the Dungeon
  5184 | D:5      | Reached skill level 5 in Maces & Flails
  5370 | D:5      | Reached skill level 6 in Maces & Flails
  5574 | D:5      | Found an ornate altar of the Wu Jian Council.
  5609 | D:5      | Reached XP level 8. HP: 52/61 MP: 9/12
  5966 | D:6      | Found a staircase to the Ecumenical Temple.
  5972 | D:6      | Reached skill level 7 in Maces & Flails
  5976 | D:6      | Found a shimmering altar of Xom.
  5978 | D:6      | Found a radiant altar of Vehumet.
  6012 | Temple   | Entered the Ecumenical Temple
  6418 | D:6      | Found a radiant altar of Vehumet.
  6451 | D:6      | Found a shimmering blue altar of Sif Muna.
  6455 | D:6      | Found Qaaguxku's Distillery.
  6485 | D:6      | Bought a potion of heal wounds for 70 gold pieces
  6485 | D:6      | Bought a potion of curing for 42 gold pieces
  6507 | D:6      | You fall into a shaft and drop 2 floors!
  6507 | D:8      | Found a snail-covered altar of Cheibriados.
  6527 | D:8      | Reached skill level 8 in Maces & Flails
  6751 | D:8      | Reached skill level 9 in Maces & Flails
  6819 | D:8      | Reached XP level 9. HP: 54/67 MP: 4/13
  6859 | D:8      | Reached skill level 10 in Maces & Flails
  7029 | D:8      | Found a hide-covered altar of Uskayaw.
  7262 | D:8      | Found an ancient bone altar of Kikubaaqudgha.
  7285 | D:8      | Became a worshipper of Kikubaaqudgha
  7358 | D:8      | Found a staircase to the Lair.
  7513 | D:8      | Identified the +9 glaive of the Crushed Princes {speed,
                  | MR++ Str+3 Dex-3 SInv}
  8121 | D:6      | Reached skill level 5 in Fighting
  8395 | D:6      | Found a blossoming altar of Fedhas.
  8800 | D:6      | Reached skill level 5 in Charms
  8995 | D:7      | Reached skill level 1 in Polearms
  9129 | D:7      | Reached XP level 10. HP: 81/81 MP: 14/14
  9186 | D:7      | Found a bloodstained altar of Trog.
  9272 | D:7      | Reached * piety under Kikubaaqudgha
  9272 | D:7      | Identified Kikubaaqudgha's Reference Book on Evil
                  | (Kikubaaqudgha gifted it to you on level 7 of the Dungeon)
  9272 | D:7      | Received a gift from Kikubaaqudgha
  9450 | D:7      | Reached skill level 5 in Necromancy
  9713 | D:7      | Identified Yzxory's Disquisition on Translocation and
                  | Flames
 10253 | D:9      | Found a shadowy altar of Dithmenos.
 10803 | D:8      | Reached ** piety under Kikubaaqudgha
 10824 | D:9      | Reached skill level 5 in Polearms
 11239 | D:9      | Learned a level 3 spell: Vampiric Draining
 11467 | D:10     | Entered Level 10 of the Dungeon
 11664 | D:10     | Noticed a two-headed ogre
 11667 | D:9      | Paralysed by a hornet for 1 turns
 11671 | D:9      | Reached skill level 1 in Evocations
 12171 | Lair:1   | Entered Level 1 of the Lair of Beasts
 13162 | Lair:1   | Noticed an eight-headed hydra
 13183 | Lair:1   | Slain by an eight-headed hydra

Levels and vault maps discovered:
D:1:      sevenhm_arrival_forest_fort_small_4, layout_loops_cross,
          ebering_dispersal_statue_hall, minmay_misc_feat_room,
          minmay_split_cup_large
D:2:      layout_basic, chequers_serial_rivers_small_a
D:3:      layout_loops_corners, lemuel_doored_altar,
          gammafunk_temple_overflow_pools, gup_sewer_entry_pipe,
          kennysheep_boxes, uniq_sigmund
D:4:      layout_rooms, first_ration, serial_shops, shop_statue,
          nicolae_shop_stone, shop, nicolae_shop_waterfront, nicolae_shop_stone
D:5:      layout_loops_ring, lemuel_round_altar
D:6:      layout_gridville, nicolae_overflow_hidden_temple,
          fedhas_altar_fruit_tree, led_sif_book,
          minmay_temple_entry_gardened_gates, basic_altar, serial_shops,
          shop_fountains
D:7:      minmay_the_grid_triangle_9x9_recursive_2
          [minmay_the_grid_triangle_9x9_prize_schism,
          minmay_the_grid_triangle_9x9_warning,
          minmay_the_grid_triangle_9x9_steps,
          minmay_the_grid_triangle_9x9_semitri], layout_loops_corners,
          marbit_many_paths, the_bakery
D:8:      layout_gridville, kennysheep_vampire_church,
          overflow_temple_1_default, kennysheep_mini_moat, david_lair_generic,
          grunt_ministairs_3
D:9:      layout_big_octagon, grunt_dithmenos_smoke
D:10:     layout_basic, hangedman_decor_lopped, minivault_16
Temple:   eino_temple_lava
Lair:1:   layout_roguey

Skill      XL: |  1  2  3  4  5  6  7  8  9 10 |
---------------+-------------------------------+-----
Charms         | 3 4 5 6 |  6.0
Maces & Flails | 3 6 9 10 | 10.9
Necromancy     | 1 2 4 6 |  6.0
Short Blades   | 1 2 |  2.1
Hexes          | 1 2 |  2.1
Spellcasting   | 3 |  3.1
Fighting       | 5 |  5.5
Polearms       | 1 6 |  6.9
Evocations     | 2 |  2.3
Dodging        | |  2.1

Action                   |  1- 3 |  4- 6 |  7- 9 | 10-12 || total
-------------------------+-------+-------+-------+-------++-------
Melee: Mace              |   102 |       |       |       ||   102
       Tailslap          |    12 |    27 |    28 |    16 ||    83
       Dagger            |     8 |   286 |       |       ||   294
       Morningstar       |       |       |   278 |   197 ||   475
 Cast: Infusion          |     7 |    18 |     5 |       ||    30
       Regeneration      |       |     3 |    13 |    10 ||    26
       Spectral Weapon   |       |     2 |    34 |    37 ||    73
       Vampiric Draining |       |       |       |     1 ||     1
 Abil: Breathe Acid      |       |       |       |     6 ||     6
  Use: Potion            |       |     1 |       |     3 ||     4
       Scroll            |       |       |     5 |     3 ||     8
 Stab: Distracted        |       |     1 |     1 |     2 ||     4
       Sleeping          |       |       |     1 |       ||     1
  Eat: Chunk             |     2 |    10 |    21 |    10 ||    43
       Ration            |       |       |       |     3 ||     3
Armor: Skin              |    39 |    93 |   110 |   101 ||   343
Dodge: Dodged            |    63 |   199 |   184 |   209 ||   655
